 Dungeon Crawl Stone Soup version 0.14-a0-1330-g3eed206 (webtiles) character file.

579 Chiseanne the Skirmisher (level 6, -4/38 HPs)
             Began as a Gargoyle Wanderer on Dec 6, 2013.
             Slain by an ogre
             ... wielding a +0,+0 giant club
              (21 damage)
             ... on Level 5 of the Dungeon.
             The game lasted 00:16:46 (6400 turns).

Chiseanne the Skirmisher (Gargoyle Wanderer)        Turns: 6400, Time: 00:16:46

HP  -4/38        AC 19     Str 14 (16) XL: 6   Next: 68%
MP   6/6         EV  2     Int 13      God:
Gold 213         SH  9     Dex 10      Spells:  0 memorised,  5 levels left

rFire  . . .     SeeInvis .     s - +2,+0 orc dagger (speed)
rCold  . . .     Clarity  .     p - +0 orc plate armour
rNeg   + . .     Conserve .     b - +0 buckler
rPois  +         rCorr    .     n - +0 orc helmet
rElec  +         rRot     +     e - +0 cloak
SustAb . .       Spirit   .     q - +0 pair of gloves
rMut   .         Warding  .     (no boots)
Saprov . . .     Stasis   .     (no amulet)
                                (no ring)
                                i - ring of protection from magic

@: somewhat resistant to hostile enchantments, extremely unstealthy
A: life protection 1, electricity resistance, unbreathing, petrification
resistance, AC +4
a: no special abilities


You were on level 5 of the Dungeon.
You were hungry.

You visited 1 branch of the dungeon, and saw 5 of its levels.
You also visited: Ossuary.

You collected 213 gold pieces.

Inventory:

Hand weapons
 s - a +2,+0 orcish dagger of speed (weapon)
Missiles
 c - 13 darts (quivered)
 o - 3 tomahawks
Armour
 b - a +0 buckler (worn)
 e - a +0 cloak (worn)
 n - a +0 orcish helmet (worn)
 p - a +0 orcish plate armour (worn)
 q - a +0 pair of gloves (worn)
Comestibles
 a - a pear
 d - 2 meat rations
 f - 4 bread rations
Scrolls
 k - 2 scrolls of identify
 t - a scroll of remove curse {unknown}
Jewellery
 i - a ring of protection from magic (left hand)


   Skills:
 * Level 4.1 Fighting
 * Level 3.2 Short Blades
   Level 0.9 Maces & Flails
 * Level 3.2 Armour
 * Level 2.5 Dodging
 - Level 2.1 Stealth
 * Level 3.5 Shields


You had 5 spell levels left.
You didn't know any spells.

Dungeon Overview and Level Annotations

Branches:
Dungeon (5/16)
 Temple: D:4-7

Altars:
Ashenzari
Vehumet
the Shining One


Innate Abilities, Weirdness & Mutations

You are resistant to torment.
You are immune to poison.
Your stone body is very resilient (AC +4).
You resist negative energy.
You are resistant to electric shocks.
You can survive without breathing.
You are immune to petrification.


Message History

Your plate armour prevents you from hitting the ogre.
The ogre is heavily wounded.
The ogre hits you with a giant club.
* * * LOW HITPOINT WARNING * * *
Drink which item? (? for menu, Esc to quit)
You feel better.
Drink which item? (? for menu, Esc to quit)
You feel better. The ogre hits you with a giant club!
Drink which item? (? for menu, Esc to quit)
You feel better. The ogre hits you with a giant club!
* * * LOW HITPOINT WARNING * * *
Drink which item? (? for menu, Esc to quit)
You don't have any such object.
Drink which item? (? for menu, Esc to quit)
You feel better.
You hit the ogre but do no damage.
The ogre is heavily wounded.
The ogre hits you with a giant club!
Ouch! That really hurt!
You die...

###+##### #####+#########
#........ #.............#
#........
#.............#####........
#.............##..'........
+........O@...'..##........
#.............#####........
#.............# #........
#.............# #####'##.
##########+#### #.# ###.#
#...# ###'### #(....#


You could see an ogre.

Vanquished Creatures
  An ogre (D:4)
  A scorpion (D:4)
  An iguana (D:4)
  2 worker ants (D:4)
  A big kobold zombie (Ossuary)
  4 adders
  A giant mite (D:3)
  A worm (D:4)
  A scorpion zombie (Ossuary)
  An ooze (D:1)
  12 orcs
  3 ball pythons
  13 bats
  11 goblins
  9 hobgoblins
  8 jackals (D:3)
  8 kobolds
  3 quokkas
  5 giant cockroaches
  A giant gecko (D:2)
  3 giant newts
  A gnoll zombie (Ossuary)
  2 hobgoblin zombies (Ossuary)
  10 rats
103 creatures vanquished.

Notes
Turn   | Place    | Note
--------------------------------------------------------------
     0 | D:1      | Chiseanne, the Gargoyle Wanderer, began the quest for the Orb.
     0 | D:1      | Reached XP level 1. HP: 14/14 MP: 1/1
   277 | D:1      | Reached XP level 2. HP: 17/19 MP: 2/2
   940 | D:1      | Reached skill level 1 in Dodging
  1121 | D:1      | Reached XP level 3. HP: 23/23 MP: 3/3
  2305 | D:2      | Found a glowing golden altar of the Shining One.
  2517 | D:3      | Reached XP level 4. HP: 28/28 MP: 4/4
  3428 | D:3      | Reached XP level 5. HP: 33/33 MP: 5/5
  3924 | D:4      | Found a sand-covered staircase.
  3929 | Ossuary  | Entered an ossuary
  4164 | Ossuary  | Noticed Daniel's ghost (weakling MiFi)
  4520 | D:4      | Found a radiant altar of Vehumet.
  4934 | D:4      | Reached XP level 6. HP: 24/38 MP: 6/6
  5315 | D:4      | Reached skill level 4 in Fighting
  5883 | D:4      | Noticed an ogre
  5900 | D:4      | Killed an ogre
  5928 | D:4      | Found a shattered altar of Ashenzari.
  5973 | D:4      | Noticed an ogre
  6127 | D:5      | Entered Level 5 of the Dungeon
  6400 | D:5      | Slain by an ogre

Action                   |  1- 3 |  4- 6 || total
-------------------------+-------+-------++-------
Melee: Club              |   136 |       ||   136
       Short sword       |   102 |   134 ||   236
       Dagger            |       |   840 ||   840
  Use: Scroll            |       |     7 ||     7
       Potion            |       |     8 ||     8
 Stab: Invisible         |       |     3 ||     3
